cohdb
Replays
Latest Replays
All Replays
Popular Replays
Top Player Replays
Match Explorer
How It Works
Community
CoH3 Stats
Reddit
Sign in to upload your games and track your stats! →
Sign in with Steam
Match 44734462
Unlisted
Match 44734462
Overview
Messages
Build Orders
End
Kradschützen Motorcycle Team
Selects Italian Combined Arms Battlegroup
Selects Bersaglieri Squad
Bersaglieri Squad
Panzergrenadier Squad
Bersaglieri Squad
Construct Light Support Kompanie
2.5-tonne Medical Truck
Selects Bersaglieri Bolster
Fire Support Elements
Panzerjäger Squad
Flakvierling Half-track
le.IG 18 Support Gun Team
Selects Breda Model 30 Light Machine Guns
Construct Panzerarmee Kommand
Vehicle Survival Package
Panzer III L Medium Tank
Selects Semovente da 75/18 Assault Gun
Selects Strafing Run
Selects Strafing Run
Strafing Run
Panzer III L Medium Tank
Selects Artillery Cover
Advanced Field Repairs
Strafing Run
Strafing Run
Khalil
sq04010
秋生
OppressiveDarkness
DIO
CDI
JusticeYeti
Commander Jet
0
0
Comments
sign in to comment!
No comments posted yet!